 Dungeon Crawl Stone Soup version 0.31-a0-431-g88bdf31460 (webtiles) character file.

Game seed: 16295156856904124652

17879 LeprechaunX the Mimic (level 12, -35/93 HPs)
             Began as an Octopode Shapeshifter on July 31, 2023.
             Was a Priest of Hepliaklqana.
             Annihilated by an enormous slime creature (69 damage)
             ... on level 12 of the Dungeon.
             The game lasted 00:28:45 (13629 turns).

LeprechaunX the Mimic (Octopode Shapeshifter)      Turns: 13629, Time: 00:28:45

Health: -35/93     AC: 15    Str: 22    XL:     12   Next: 52%
Magic:  15/15      EV: 25    Int: 11    God:    Hepliaklqana [***...]
Gold:   677        SH:  0    Dex: 14    Spells: 11/11 levels left

rFire   . . .        v - melded +6 hand axe "Gicunk" {venom, rF+ rN++ Int-3 Dex+2}
rCold   + . .        (shield currently unavailable)
rNeg    . . .        (helmet currently unavailable)
rPois   .            g - amulet of the acrobat
rElec   .            j - +4 ring of protection
rCorr   +            D - ring of protection from cold
SInv    .            F - ring of resist corrosion
Will    .....        (no ring)
Stlth   +            (no ring)
HPRegen 0.35/turn    (no ring)
MPRegen 0.14/turn    (no ring)
                     (no ring)

%: acrobat
@: mighty, snake-form, acrobatic
A: constrict, boosted hp, reduced essence, almost no armour, amphibious, 8
rings, large, (camouflage 1), (gelatinous body 1), (nimble swimmer 1),
(tentacles)
a: Begin Untransformation, Renounce Religion, Recall Ancestor, Ancestor
Identity, Transference


You were on level 12 of the Dungeon.
You worshipped Hepliaklqana.
Hepliaklqana was most pleased with you.
You were an enormous anaconda.
You visited 2 branches of the dungeon, and saw 14 of its levels.
You also visited: Sewer.

You collected 677 gold pieces.

Inventory:

Hand Weapons
 v - the +6 hand axe "Gicunk" (melded) {venom, rF+ rN++ Int-3 Dex+2}
   (You found it on level 4 of the Dungeon)

   Int:       It affects your intelligence (-3).
   Dex:       It affects your dexterity (+2).
   rF:        It protects you from fire.
   rN:        It greatly protects you from negative energy.
Missiles
 a - 2 throwing nets
Jewellery
 g - an amulet of the acrobat (around neck)
 j - a +4 ring of protection (left tentacle)
 D - a ring of protection from cold (right tentacle)
 F - a ring of resist corrosion (on tentacle)
Talismans
 b - a beast talisman
 t - a serpent talisman (active)
Wands
 s - a wand of polymorph (22)
 C - a wand of iceblast (8) (quivered)
 G - a wand of paralysis (12)
Scrolls
 c - 5 scrolls of teleportation
 e - a scroll of immolation {unknown}
 f - 2 scrolls of fog
 i - 5 scrolls of enchant weapon
 n - a scroll of amnesia
 p - 2 scrolls of fear
 y - a scroll of poison
 E - a scroll of torment
 I - a scroll of butterflies {unknown}
 J - a scroll of enchant armour {unknown}
 K - a scroll of identify
Potions
 d - 4 potions of might
 h - 3 potions of cancellation {unknown}
 k - 4 potions of heal wounds
 l - 4 potions of magic {unknown}
 m - 2 potions of brilliance {unknown}
 o - a potion of resistance {unknown}
 q - a potion of degeneration {unknown}
 r - a potion of attraction {unknown}
 u - a potion of enlightenment {unknown}
 w - 5 potions of invisibility {unknown}
 x - a potion of mutation {unknown}
 z - a potion of haste {unknown}
 A - 2 potions of curing {unknown}
 B - 2 potions of ambrosia {unknown}
 H - a potion of lignification


   Skills:
 - Level 10.0 Fighting
 - Level 3.0 Dodging
 - Level 10.0 Unarmed Combat
 - Level 5.0 Invocations
 + Level 12.3 Shapeshifting


You had 11 spell levels left.
You didn't know any spells.
Your spell library contained the following spells:

 Spells                   Type           Power      Damage    Failure   Level
 Sandblast                Erth           0%         2d4       34%         1
 Ensorcelled Hibernation  Hex/Ice        0%         N/A       47%         2
 Passwall                 Tmut/Erth      0%         N/A       47%         2
 Stone Arrow              Conj/Erth      0%         3d7       71%         3
 Swiftness                Air            0%         N/A       71%         3
 Volatile Blastmotes      Fire/Tloc      0%         2d10      71%         3
 Fulminant Prism          Conj/Hex       0%         3d5       98%         4
 Iskenderun's Mystic Bla  Conj/Tloc      0%         2d3       98%         4


Dungeon Overview and Level Annotations

Branches:
Dungeon (13/15)            Temple (1/1) D:5            Lair (0/5) D:10
    Orc (0/2) D:10          Sewer (visited)
 Vaults: D:13-14

Altars:
Ashenzari
Cheibriados
Dithmenos
Elyvilon
Fedhas
Gozag
Hepliaklqana
Kikubaaqudgha
Makhleb
Nemelex Xobeh
Okawaru
Qazlal
Ru
Sif Muna
Trog
Uskayaw
Vehumet
Wu Jian
Xom
Yredelemnul
Zin
The Shining One
Lugonu

Shops:
D:7 (   D:9 ?   D:10 [

Annotations:
D:8 3 runed translucent doors, lindul's ghost, novice MiBe


Innate Abilities, Weirdness & Mutations

You are an enormous anaconda.
You have a powerful constriction melee attack.
Your maximum health is increased.
Your armour is entirely melded.
You are incapable of wielding weapons or throwing items.
Your life essence is reduced to manifest your ancestor. (-10% HP)
You cannot wear most types of armour.
You are amphibious.
You can wear up to eight rings at the same time.
((Your skin changes colour to match your surroundings (Stealth+).))
((Your rubbery body absorbs attacks. (AC +1, EV +1)))
((You are camouflaged when in or above water. (Stealth+)))
((You have tentacles for arms and can constrict up to eight enemies at once.))


Message History

The slime creature completely misses you.
You body-slam the slime creature!!
The slime creature is severely wounded.
Titus points at the slime creature and mumbles some strange words.
The slime creature appears confused.
The slime creature barely misses Titus.
You lash the slime creature!
The slime creature is almost dead.
Titus points at the slime creature and mumbles some strange words.
The slime creature seems to slow down.
You body-slam the slime creature!!
You kill the slime creature!
The raiju stops to sniff the ground.
The slime creature hits Titus!
Titus completely misses the slime creature.
You swap places.
A slime creature comes into view.
The slime creature hits you but does no damage.
You lash the slime creature!
The slime creature is heavily wounded.
Titus hits the slime creature with a +0 dagger of draining!
The slime creature hits you.
Titus points at the slime creature and mumbles some strange words.
The slime creature easily resists.
You body-slam the slime creature!!
You kill the slime creature!
Titus points at the slime creature and mumbles some strange words.
The slime creature easily resists.
Two slime creatures merge to form a large slime creature.
Two slime creatures merge to form a very large slime creature.
Titus points at the very large slime creature and mumbles some strange words.
The very large slime creature easily resists.
You hear the loud crackling of a distant melting archway.
Two slime creatures merge to form an enormous slime creature.
The crackling of melting ice is subsiding rapidly.
Titus hits the enormous slime creature with a +0 dagger of draining!
Titus barely misses the enormous slime creature.
Titus hits the enormous slime creature with a +0 dagger of draining.
The enormous slime creature hits you!!!
Ouch! That really hurt!
You die...

.##..)....### #.# #..[#
.##.##....# ##.# #...#
...[##.#### #.J. #...#
.#####.########.## #...#
................# #...#
######.......#..### ###
##### ####
#.......#....##.. ...#
#............#.? ## ##.#
#.......#.#S##◎#..## # .#
#........RJ..###x..### # .#
#.......#.....###h.... # .#
###########.....##.... ##.#
##....©#©._. .>.#
##########...##.... ####
#.......##.###u.... #
#####.......#####x..### #
#####...#.##......#lX..####
#


You could see the friendly Titus the hexer, a green ugly thing, an enormous
slime creature (ally target) and a small abomination.

Vanquished Creatures
  Harold (D:9)
  Erica (D:8)
  A centaur warrior (D:8)
  2 two-headed ogres
  Amaemon (D:9)
  Pikel (D:4)
  A phantasmal warrior (D:13)
  A cyclops (D:12)
  A manticore (D:11)
  An orange demon (D:9)
  A komodo dragon (D:10)
  6 trolls
  3 hornets
  Grinder (D:5)
  3 slime creatures (D:12)
  3 shadows
  A wyvern (D:9)
  11 yaks
  Grum (D:9)
  2 steam dragons
  3 vampire mosquitoes (D:11)
  5 acid dragons
  Duvessa (D:5)
  2 water moccasins
  2 black bears
  2 sky beasts (D:6)
  8 orc warriors
  An ice beast (D:7)
  3 centaurs
  3 wolves (D:9)
  An ogre (D:10)
  4 kobold brigands
  7 bullfrogs
  4 gnoll sergeants
  A scorpion (D:5)
  9 wights
  Dowan (D:5)
  10 killer bees
  A hexer (D:11)
  4 hounds
  4 orc priests
  A jelly (D:4)
  12 orc wizards
  6 gnolls
  6 adders
  A river rat (D:5)
  A shadow imp (D:7)
  A white imp (D:6)
  4 worms
  4 dart slugs
  47 orcs
  10 endoplasms
  4 giant cockroaches
  5 goblins
  11 hobgoblins
  8 jackals
  34 kobolds
  3 quokkas
  9 ball pythons
  9 bats
  6 frilled lizards
  8 rats
309 creatures vanquished.

Vanquished Creatures (collateral kills)
  A deep elf pyromancer (D:10)
  A shadow (D:11)
  2 yaks (D:9)
  A vampire mosquito (D:11)
  An orc warrior (D:10)
  A kobold brigand (D:10)
  A gnoll sergeant (D:10)
  A killer bee (D:9)
  An orc wizard (D:10)
  4 orcs
14 creatures vanquished.

Vanquished Creatures (others)
  A hexer (D:12)
  5 ancestors
  An orc (D:6)
7 creatures vanquished.

Grand Total: 330 creatures vanquished

Notes
Turn   | Place    | Note
-------+----------+-------------------------------------------
     0 | D:1      | LeprechaunX the Octopode Shapeshifter began the quest for
                  | the Orb.
     0 | D:1      | Reached XP level 1. HP: 13/13 MP: 1/1
   125 | D:1      | Reached XP level 2. HP: 17/18 MP: 2/2
   699 | D:2      | Reached XP level 3. HP: 23/23 MP: 3/3
   987 | D:2      | Found a faded altar of an unknown god.
  1072 | D:2      | Reached XP level 4. HP: 29/29 MP: 4/4
  1831 | D:3      | Found a radiant altar of Vehumet.
  2196 | D:3      | Found a shimmering blue altar of Sif Muna.
  2560 | D:4      | Reached XP level 5. HP: 23/34 MP: 5/5
  2665 | D:4      | Noticed a lemure
  2666 | D:4      | Noticed Pikel
  2709 | D:4      | Noticed a lemure
  2711 | D:4      | Killed Pikel
  2712 | D:4      | Reached skill level 5 in Unarmed Combat
  2712 | D:4      | Reached skill level 5 in Shapeshifting
  2712 | D:4      | Reached XP level 6. HP: 12/42 MP: 6/6
  2712 | D:4      | Reached XP level 7. HP: 13/46 MP: 7/7
  2952 | D:4      | Reached skill level 6 in Shapeshifting
  2955 | D:4      | Identified the +6 hand axe "Gicunk" {venom, rF+ rN++ Int-3
                  | Dex+2}
  3483 | D:5      | Entered Level 5 of the Dungeon
  3483 | D:5      | Noticed Grinder
  3490 | D:5      | Killed Grinder
  3491 | D:5      | Reached XP level 8. HP: 52/52 MP: 8/8
  3511 | D:5      | Reached skill level 7 in Shapeshifting
  3704 | D:5      | Found a glowing drain.
  3708 | Sewer    | Entered a sewer
  3961 | D:5      | Noticed Duvessa
  3962 | D:5      | Noticed Dowan
  4125 | D:5      | Killed Duvessa
  4126 | D:5      | Reached skill level 8 in Shapeshifting
  4129 | D:5      | Killed Dowan
  4247 | D:5      | Found a staircase to the Ecumenical Temple.
  4262 | Temple   | Entered the Ecumenical Temple
  4332 | D:5      | Reached XP level 9. HP: 56/56 MP: 9/9
  4806 | D:6      | Reached skill level 9 in Shapeshifting
  5289 | D:6      | Found a hazy altar of Hepliaklqana.
  5294 | D:6      | Found a shadowy altar of Dithmenos.
  5294 | D:6      | Found a stormy altar of Qazlal.
  5294 | D:6      | Found a blossoming altar of Fedhas.
  5356 | D:6      | Became a worshipper of Hepliaklqana the Forgotten
  6288 | D:7      | Found Valowoumm's Weapon Emporium.
  6436 | D:7      | Found an ancient bone altar of Kikubaaqudgha.
  6531 | D:7      | Reached skill level 10 in Shapeshifting
  6713 | D:8      | Found a runed translucent gate.
  6713 | D:8      | Found a runed translucent gate.
  6713 | D:8      | Found a runed translucent gate.
  6749 | D:8      | Noticed a hornet
  6757 | D:7      | Reached XP level 10. HP: 55/63 MP: 10/10
  6825 | D:7      | Paralysed by a hornet for 3 turns
  7134 | D:8      | Noticed Erica
  7217 | D:8      | Noticed lindul's ghost (novice MiBe)
  7483 | D:8      | Noticed a centaur warrior
  7508 | D:8      | Killed a centaur warrior
  8102 | D:9      | Reached * piety under Hepliaklqana
  8121 | D:9      | Reached skill level 5 in Fighting
  8405 | D:9      | Reached XP level 11. HP: 63/63 MP: 11/11
  8481 | D:9      | Found a broken altar of Ashenzari.
  8836 | D:9      | Noticed Grum
  8837 | D:9      | Noticed Harold
  8842 | D:9      | Noticed Amaemon
  8875 | D:8      | Killed Erica
  9230 | D:9      | Killed Amaemon
  9341 | D:9      | Killed Grum
  9343 | D:9      | HP: 1/80 [Harold/+2 trident of distortion (11)]
  9616 | D:9      | Found Qakot's Magic Scroll Shoppe.
  9720 | D:9      | Killed Harold
  9721 | D:9      | Reached skill level 10 in Unarmed Combat
  9894 | D:10     | Entered Level 10 of the Dungeon
  9920 | D:10     | Found Gipnei's Antique Armour Emporium.
  9954 | D:10     | Noticed a deep elf pyromancer
  9964 | D:10     | Killed a deep elf pyromancer
 10050 | D:10     | Found a staircase to the Orcish Mines.
 10575 | D:10     | Found a large runed translucent door.
 10693 | D:10     | Noticed a two-headed ogre
 10726 | D:10     | Killed a two-headed ogre
 10730 | D:10     | Reached skill level 10 in Fighting
 10915 | D:10     | Reached skill level 1 in Invocations
 10915 | D:10     | Reached skill level 11 in Shapeshifting
 10994 | D:10     | Reached ** piety under Hepliaklqana
 10995 | D:10     | Remembered your ancestor Titus as a hexer
 11069 | D:10     | Found a large runed translucent door.
 11257 | D:10     | Found a staircase to the Lair.
 11416 | D:10     | Found a sparkling altar of Nemelex Xobeh.
 11417 | D:10     | Found an opulent altar of Gozag.
 11614 | D:10     | Found an iron altar of Okawaru.
 11619 | D:10     | Reached XP level 12. HP: 78/78 MP: 13/13
 11623 | D:10     | Found an ornate altar of the Wu Jian Council.
 11945 | D:11     | Noticed a two-headed ogre
 11956 | D:11     | Killed a two-headed ogre
 12341 | D:11     | Paralysed by a hornet for 3 turns
 12349 | D:11     | Reached skill level 5 in Invocations
 13179 | D:12     | Reached skill level 12 in Shapeshifting
 13461 | D:13     | Reached *** piety under Hepliaklqana
 13465 | D:13     | Noticed a death knight
 13606 | D:12     | Found a corrupted altar of Lugonu.
 13606 | D:12     | Noticed a thrashing horror
 13629 | D:12     | Annihilated by an enormous slime creature

Illustrated notes

Levels and vault maps discovered:
D:1:      scummos_arrival_star, layout_basic, minivault_4, dk_noncrumbling_4,
          minmay_bisected
D:2:      layout_basic, hellmonk_ecumenical_altar_pennies_from_heaven,
          st_stairs_7, minivault_14, grunt_decor_mini_mirrors,
          lexackson_kobold_supper
D:3:      layout_basic, mainiacjoe_overflow_catch_the_wave,
          kennysheep_generic_room_2
D:4:      layout_loops_ring, uniq_pikel
D:5:      layout_basic, minmay_temple_entry_butterflies, gup_sewer_entry_bowl,
          hangedman_decor_slide_cut, uniq_duvessa, uniq_grinder
D:6:      layout_cave_pods, grunt_temple_overflow_open,
          nicolae_twisty_statue_hallways
D:7:      layout_loops_ring, kiku_gazebo_pond_becter, serial_shops,
          shop_fountains
D:8:      layout_rooms, gammafunk_ghost_spectres, hangedman_minor_gate_pass,
          uniq_erica
D:9:      nicolae_cairo_tiling_large, layout_basic, lemuel_doored_altar,
          serial_shops, nicolae_shop_rolled_up, uniq_grum, uniq_harold,
          uniq_amaemon
D:10:     layout_stronghold, grunt_temple_overflow_opulence,
          jmf_multi_god_temple2, lair_entry_dummy,
          kennysheep_orc_monster_closet_entryway, serial_shops,
          nicolae_shop_peninsula
D:11:     layout_long_grid
D:12:     gammafunk_corrupted_shrine, layout_loops_cross,
          portal_ice_cave_entry_animals_and_master, serial_bayou_pond_b
D:13:     layout_loops_ring, st_stairs_9, minivault_14
Temple:   dpeg_chambers_temple

Skill      XL: |  1  2  3  4  5  6  7  8  9 10 11 12 |
---------------+-------------------------------------+-----
Unarmed Combat | 4 5 6 9 10 | 10.0
Fighting       | 2 3 6 10 | 10.0
Dodging        | 3 |  3.0
Shapeshifting  | 5 6 8 10 11 12 | 12.3
Invocations    | 2 5 |  5.0

Action                     |  1- 3 |  4- 6 |  7- 9 | 10-12 || total
---------------------------+-------+-------+-------+-------++-------
  Melee: Unarmed           |    55 |    81 |   101 |   384 ||   621
         Tentacles         |     9 |    19 |    16 |       ||    44
         Constrict         |    12 |    24 |    60 |    82 ||   178
         Punch             |     2 |     5 |    10 |     1 ||    18
         Hand axe          |       |       |   108 |    18 ||   126
  Throw: Throwing net      |       |     1 |       |       ||     1
 Invoke: Ancestor Life: He |       |       |       |     1 ||     1
         Recall Ancestor   |       |       |       |     3 ||     3
  Evoke: Wand              |       |       |     3 |     7 ||    10
    Use: Scroll            |       |       |     7 |     1 ||     8
         Potion            |       |       |       |     4 ||     4
   Stab: Sleeping          |     5 |     5 |    15 |       ||    25
         Confused          |       |       |       |     5 ||     5
         Distracted        |       |       |       |     1 ||     1
 Armour: Skin              |     3 |     2 |    63 |   193 ||   261
  Dodge: Dodged            |    26 |    56 |   107 |   291 ||   480
   Form: Anaconda          |       |       |     1 |       ||     1

Table legend: (Time is in decaauts)
 A = Elapsed time spent in this place.
 B = Non-inter-level travel time spent in this place.
 C = Inter-level travel time spent in this place.
 D = Time resting spent in this place.
 E = Time spent auto-exploring this place.
 F = Levels seen in this place.
 G = Mean time per level.
                   A        B        C        D        E       F      G
               +--------+--------+--------+--------+--------+-----+--------+
         Total |  13573 |  12819 |    754 |   2156 |   7906 |  15 |  904.9 |
       Dungeon |  13331 |  12577 |    754 |   2156 |   7770 |  13 | 1025.5 |
        Temple |      1 |      1 |      0 |      0 |      0 |   1 |    1.0 |
         Sewer |    240 |    240 |      0 |      0 |    136 |   1 |  240.0 |
               +--------+--------+--------+--------+--------+-----+--------+

Top non-repeatable levels by time:
    D:10: 1811 daAuts
     D:7: 1478 daAuts
     D:8: 1390 daAuts
     D:9: 1303 daAuts
    D:11: 1301 daAuts
     D:4: 1066 daAuts
     D:2: 998 daAuts
     D:6: 961 daAuts
     D:5: 923 daAuts
     D:3: 820 daAuts
     D:1: 692 daAuts
    D:12: 547 daAuts
   Sewer: 240 daAuts
    D:13: 37 daAuts
  Temple: 1 daAuts
